AoeStats
← zamithdaniel

Black Forest

507351109Analyzed
2v2 RM · 16d ago on Sep 17, 2026· 48m 14s· 4 players
Game mode
Random Map
Map size
Medium (4 player)
Population
200
Speed
Normal
Resources
Standard
Victory
Conquest
Starting age
Dark Age
Ending age
Imperial Age
RankedLock teamsTeams togetherTeam positionsShared explorationLock speedFull tech treeHidden civsTurbo modeCheats
Victory
Defeat
🇨🇴 Turks · Colombia
969
+15
🇪🇸 Saracens · Spain
962
+15
🇨🇴 Franks · Colombia
949
-44
🇺🇸 Malay · United States
949
-44
Chris10093
1:48 Loom
13:15 Feudal Age
13:10 Horse Collar
25:28 Castle Age
38:11 Man-at-Arms
damaco
14:25 Feudal Age
15:45 Double-Bit Axe
18:08 Wheelbarrow
27:35 Castle Age
34:08 Bow Saw
33:50 Gold Mining
33:51 Stone Mining
42:38 Imperial Age
40:39 Caravan
zamithdaniel
11:06 Feudal Age
15:58 Castle Age
14:29 Double-Bit Axe
15:23 Horse Collar
24:20 Bow Saw
24:13 Heavy Plow
32:35 Imperial Age
31:07 Loom
31:57 Wheelbarrow
31:08 Town Watch
31:38 Padded Archer Armor
31:48 Forging
31:44 Scale Barding Armor
31:31 Arson
32:14 Ballistics
32:05 Fortified Wall
33:47 Hand Cart
33:37 Gold Mining
33:40 Stone Mining
35:58 Artillery
36:19 Conscription
35:20 Elite Janissary
36:37 Husbandry
36:49 Bloodlines
37:12 Leather Archer Armor
37:33 Iron Casting
37:20 Chain Barding Armor
40:59 Gold Shaft Mining
42:15 Ring Archer Armor
43:15 Blast Furnace
42:51 Plate Barding Armor
45:28 Scale Mail Armor
45:19 Fletching
45:31 Town Patrol
45:34 Caravan
45:36 Squires
44:56 Man-at-Arms
45:38 Murder Holes
45:55 Careening
45:56 Clinker Construction
45:37 Guard Tower
45:13 Cavalier
45:16 Heavy Camel Rider
munichbeerbar
1:23 Loom
12:17 Feudal Age
16:43 Castle Age
15:20 Double-Bit Axe
15:51 Horse Collar
18:49 Wheelbarrow
19:03 Bow Saw
24:03 Stone Mining
26:12 Hand Cart
26:08 Heavy Plow
27:22 Caravan
27:52 Coinage
31:34 Imperial Age
29:51 Gold Mining
29:54 Fletching
30:10 Scale Barding Armor
30:20 Town Watch
30:54 Treadmill Crane
32:27 Gold Shaft Mining
33:30 Two-Man Saw
32:36 Bodkin Arrow
33:02 Chain Barding Armor
32:55 Bloodlines
32:46 Husbandry
33:10 Conscription
34:16 Ballistics
34:56 Chemistry
34:49 Town Patrol
35:46 Parthian Tactics
35:52 Thumb Ring
35:50 Heavy Cavalry Archer
37:20 Bracer
37:20 Padded Archer Armor
37:55 Plate Barding Armor
39:27 Leather Archer Armor
39:59 Elite Mameluke
41:22 Ring Archer Armor
41:15 Capped Ram
42:17 Murder Holes
42:10 Siege Ram
Connection lost

Rejoining the realm…

Still unreachable

The connection could not be restored.

Session expired

The server has moved on; the page needs a fresh start.